 Dungeon Crawl Stone Soup version 0.30-a0-1123-gabc949cf19 (console) character file.

Game seed: 10461416472551377485

18 petzl the Sneak (level 2, -3/24 HPs)
             Began as a Formicid Delver on Apr 22, 2023.
             Slain by an iguana (4 damage)
             ... on level 6 of the Dungeon.
             The game lasted 00:00:53 (101 turns).

petzl the Sneak (Formicid Delver)                    Turns: 101, Time: 00:00:54

Health: -3/24      AC:  3    Str: 16    XL:     2   Next: 90%
Magic:  2/2        EV: 12    Int:  9    God:
Gold:   0          SH:  0    Dex: 15    Spells: 1/1 levels left

rFire   . . .        a - +0 mace
rCold   . . .        (no shield)
rNeg    . . .        b - +0 leather armour
rPois   .            (helmet unavailable)
rElec   .            (no cloak)
rCorr   .            (no gloves)
SInv    +            (no boots)
Will    .....        (no amulet)
Stlth   +++          (no ring)
HPRegen 0.24/turn    (no ring)
MPRegen 0.08/turn

%: no passive effects
@: no status effects
A: permanent stasis, dig shafts and tunnels, antennae 3, four strong arms
a: Dig, Shaft Self


You were on level 6 of the Dungeon.
You visited 1 branch of the dungeon, and saw 2 of its levels.

Inventory:

Hand Weapons
 a - a +0 mace (weapon)
Armour
 b - a +0 leather armour (worn)
Wands
 f - a wand of digging (5)
Scrolls
 c - a scroll of fog
 d - a scroll of magic mapping
 e - a scroll of amnesia {unknown}


   Skills:
 + Level 3.5 Fighting
 + Level 2.3 Maces & Flails
 + Level 2.1 Dodging
 + Level 6.2 Stealth


You had one spell level left.
You didn't know any spells.
Your spell library was empty.

Dungeon Overview and Level Annotations

Branches:
Dungeon (6/15)
 Temple: D:4-7

Altars:
Ashenzari


Innate Abilities, Weirdness & Mutations

You cannot be hasted, slowed, berserked, paralysed or teleported.
You can dig through walls and to a lower floor.
You have a pair of large antennae on your head. (SInv)
Your four strong arms can wield two-handed weapons with a shield.


Message History

You barely miss the adder.
The adder is severely wounded.
The adder bites you but does no damage. The adder barely misses you.
You miss the adder.
The adder is severely wounded.
The adder bites you.
You barely miss the adder.
The adder is severely wounded.
The adder bites you but does no damage. The adder barely misses you.
You barely miss the adder.
The adder is severely wounded.
The adder bites you. The adder bites you but does no damage.
You sock the adder!
You kill the adder!
You see here an adder corpse.
You start resting.
HP restored.
Found a wand of digging (2).
e - a scroll labelled ASCHAD IDISYI
Found a ring mail.
An iguana comes into view.
You see here a wand of digging (2).
f - a wand of digging (5) (gained 2 charges)
Okay, then.
Unknown command.
Unknown command.
You sock the iguana!
The iguana is heavily wounded.
The iguana bites you!
Ouch! That really hurt!
You hit the iguana but do no damage.
The iguana is heavily wounded.
The iguana bites you!
* * * LOW HITPOINT WARNING * * *
You hit the iguana.
The iguana is heavily wounded.
The iguana bites you.
* * * LOW HITPOINT WARNING * * *
The iguana bites you.
You die...

.......†# #.#
######..######.#
............(..#
#######..#######
#....# ###.##.#
#...##.###!
#.#........
#......#######
######>...........
.......†....###
.......####.###
.#............#
.......##...#.......
...###.##...###...##
...###.......[......
.......###.####...#.
#...............+
#.##.#@######...#
#.l...# .# #..##.#
#...# #...# #...#
#...# ...## #...


You could see an iguana.

Vanquished Creatures
  2 adders (D:6)
2 creatures vanquished.

Notes
Turn   | Place    | Note
-------+----------+-------------------------------------------
     0 | D:5      | petzl the Formicid Delver began the quest for the Orb.
     0 | D:5      | Reached XP level 1. HP: 18/18 MP: 1/1
     1 | D:5      | Found a broken altar of Ashenzari.
     4 | D:5      | Noticed a scorpion
    53 | D:6      | Reached XP level 2. HP: 24/24 MP: 2/2
   101 | D:6      | HP: 1/24 [iguana (4)]
   101 | D:6      | Slain by an iguana

Illustrated notes

Levels and vault maps discovered:
D:5:      layout_loops_ring, cheibrodos_ashenzari_chains,
          chequers_temple_overflow_statue_of_worship, chequers_avenue
D:6:      layout_basic, nicolae_ru_great_annihilating_truth

Skill      XL: |  1 |
---------------+----+-----
Dodging        | 2 |  2.1
Fighting       | |  3.5
Maces & Flails | |  2.3
Stealth        | |  6.2

Action                     || total
---------------------------++-------
  Melee: Mace              ||    11
    Use: Scroll            ||     1
   Stab: Sleeping          ||     2
 Armour: Leather armour    ||     3
  Dodge: Dodged            ||     6

Table legend: (Time is in decaauts)
 A = Elapsed time spent in this place.
 B = Non-inter-level travel time spent in this place.
 C = Inter-level travel time spent in this place.
 D = Time resting spent in this place.
 E = Time spent auto-exploring this place.
 F = Levels seen in this place.
 G = Mean time per level.
                   A        B        C        D        E       F      G
               +--------+--------+--------+--------+--------+-----+--------+
         Total |    103 |    103 |      0 |      5 |     24 |   2 |   51.5 |
       Dungeon |    103 |    103 |      0 |      5 |     24 |   2 |   51.5 |
               +--------+--------+--------+--------+--------+-----+--------+

Top non-repeatable levels by time:
     D:6: 91 daAuts
     D:5: 12 daAuts
